 Dungeon Crawl Stone Soup version 0.22.1-6-g1668fe2c40 (webtiles) character file.

4159 NochnoyZador the Basher (level 10, -2/59 HPs)
             Began as a Gargoyle Fighter on Jan 21, 2019.
             Was a Believer of Okawaru.
             Killed from afar by Erica (16 damage)
             ... with an orb of energy
             ... on level 8 of the Dungeon.
             The game lasted 00:19:54 (8092 turns).

NochnoyZador the Basher (Gargoyle Fighter)          Turns: 8092, Time: 00:19:55

Health: -2/59      AC: 19    Str: 33    XL:     10   Next: 28%
Magic:  10/10      EV:  9    Int:  8    God:    Okawaru [**....]
Gold:   466        SH: 10    Dex:  9    Spells: 9/9 levels left

rFire    . . .     SeeInvis .   a - +4 flail
rCold    . . .     Gourm    .   c - +0 shield
rNeg     + . .     Faith    .   b - +0 scale mail
rPois    ∞         Spirit   .   (no helmet)
rElec    +         Reflect  .   S - +1 cloak {+Inv}
rCorr    .         Harm     .   k - +0 pair of gloves
MR       .....                  A - +0 pair of boots
Stlth    ..........             p - amulet of the acrobat
HPRegen  0.19/turn              J - +3 ring of strength
MPRegen  0.12/turn              M - +6 ring of strength

@: slowed, very slow
A: negative energy resistance 1, electricity resistance, unbreathing,
petrification resistance, rot immunity, AC +7
a: Heroism, Renounce Religion, Evoke Invisibility


You were on level 8 of the Dungeon.
You worshipped Okawaru.
Okawaru was pleased with you.
You were not hungry.

You visited 2 branches of the dungeon, and saw 9 of its levels.
You also visited: Sewer.

You collected 466 gold pieces.

Inventory:

Hand Weapons
 a - a +4 flail (weapon)
 e - a +4 shortbow
 U - a +1 whip of freezing
Missiles
 j - 88 sling bullets
 n - 210 stones (quivered)
 z - 81 arrows
 D - 55 bolts
 H - a throwing net
Armour
 b - a +0 scale mail (worn)
 c - a +0 shield (worn)
 k - a +0 pair of gloves (worn)
 A - a +0 pair of boots (worn)
 S - a +1 cloak of invisibility (worn)
Jewellery
 p - an amulet of the acrobat (around neck)
 J - a +3 ring of strength (left hand)
 M - a +6 ring of strength (right hand)
Wands
 x - a wand of polymorph (13)
 y - a wand of flame (4)
 I - a wand of digging (11)
 K - a wand of clouds (7)
 Q - a wand of enslavement (18)
 R - a wand of disintegration (26)
Scrolls
 g - 2 scrolls of magic mapping {unknown}
 h - 3 scrolls of identify
 i - 3 scrolls of immolation
 l - 4 scrolls of fear {unknown}
 q - 2 scrolls of random uselessness {unknown}
 r - 2 scrolls of noise {unknown}
 u - 4 scrolls of teleportation {unknown}
 v - 3 scrolls of enchant armour {unknown}
 B - 2 scrolls of amnesia {unknown}
 C - 2 scrolls of remove curse {unknown}
 P - a scroll of fog {unknown}
 T - a scroll of silence {unknown}
Potions
 d - a potion of might
 m - a potion of resistance {unknown}
 o - 2 potions of cancellation {unknown}
 s - 3 potions of lignification {unknown}
 t - a potion of flight {unknown}
 w - 3 potions of curing {unknown}
 E - 3 potions of ambrosia
 F - a potion of haste {unknown}
 G - a potion of heal wounds {unknown}
 N - a potion of degeneration {unknown}
 O - a potion of berserk rage {unknown}
Comestibles
 f - 17 rations
 L - 5 chunks of flesh


   Skills:
 * Level 5.2 Fighting
 * Level 12.9 Maces & Flails
 * Level 5.3 Armour
 * Level 2.5 Dodging
 - Level 3.2 Shields


You had 9 spell levels left.
You didn't know any spells.
Your spell library contained the following spells:

 Spells                   Type           Power        Failure   Level  Hunger
 Corona                   Hex            #......      98%         1    ##.....
 Slow                     Hex            #.......     99%         2    ###....
 Inner Flame              Hex/Fire       #.......     100%        3    ####...
 Portal Projectile        Hex/Tloc       #.....       100%        3    ####...
 Cause Fear               Hex            #.........   100%        4    #####..
 Leda's Liquefaction      Hex/Erth       #.........   100%        4    #####..


Dungeon Overview and Level Annotations

Branches:
Dungeon (8/15)             Temple (1/1) D:6
   Lair: D:8-11

Altars:
Ashenzari
Dithmenos
Elyvilon
Fedhas
Gozag
Hepliaklqana
Kikubaaqudgha
Makhleb
Okawaru
Qazlal
Ru
Sif Muna
Trog
Uskayaw
Wu Jian
Yredelemnul
Zin
The Shining One

Shops:
D:7 *%

Annotations:
D:8 Erica


Innate Abilities, Weirdness & Mutations

You are resistant to torment.
Your stone body is resilient. (AC +7)
You are immune to poison.
You resist negative energy. (rN+)
You are resistant to electric shocks. (rElec)
You can survive without breathing.
You are immune to petrification.
You are immune to rotting.


Message History

You miss something.
You hear some strange, mumbled words.
Something tries to affect you, but you resist.
You thump something! Something hits you but does no damage.
You closely miss something. You block something's attack.
You hear some strange, mumbled words.
A bolt of poison appears from out of thin air!
The bolt of poison hits you! You resist.
You hit something.
You hear some strange, mumbled words.
Something tries to affect you, but you resist.
You miss something. Something hits you!
* * * LOW HITPOINT WARNING * * *
Something burns you.
* * * LOW HITPOINT WARNING * * *
Your shield prevents you from hitting something.
You hear some strange, mumbled words.
An orb of energy appears from out of thin air!
The orb of energy hits you!
You die...

+.......#..#.##.##..#
#########..#.##.###.#
# #<.....#.##.# #>#
#####.##.##.# #.#
#.....#.# #.#
#..####.# #.# #..#
#.# #.#
#..####.###.######
......).@{.........
########.###.######.
.... #.# ###.#.#.#
....#.# #.. #{# #..
#.# ###. .#


There were no monsters in sight!

Vanquished Creatures
  Pikel (D:8)
  Maurice (D:8)
  Grinder (D:6)
  2 hippogriffs
  A soldier ant (D:6)
  2 slaves (D:8)
  Purgy (Sewer)
  2 ice beasts (D:5)
  5 sky beasts
  2 ogres (D:8)
  4 centaurs
  A crocodile (D:8)
  2 bullfrogs
  3 scorpions
  4 wights (D:7)
  2 crimson imps
  2 centaur zombies
  2 orc priests
  2 centaur skeletons
  2 hounds
  4 jellies
  An orc wizard (D:5)
  A bullfrog skeleton (D:6)
  An iguana (D:5)
  Natasha (thrice) (D:3)
  7 worker ants
  A hound skeleton (D:5)
  7 gnolls
  8 adders
  An adder zombie (D:7)
  4 worms
  An adder skeleton (D:7)
  2 dart slugs
  7 leopard geckos
  12 orcs
  9 giant cockroaches
  4 goblins
  6 hobgoblins
  15 jackals
  12 kobolds
  3 quokkas
  3 ball pythons
  A ball python skeleton (D:4)
  16 bats
  5 frilled lizards
  A jackal skeleton (D:4)
  A leopard gecko skeleton (D:6)
  2 quokka skeletons
  7 rats
187 creatures vanquished.

Notes
Turn   | Place    | Note
-------+----------+-------------------------------------------
     0 | D:1      | NochnoyZador the Gargoyle Fighter began the quest for the
                  | Orb.
     0 | D:1      | Reached XP level 1. HP: 14/14 MP: 1/1
   158 | D:1      | Reached XP level 2. HP: 19/19 MP: 2/2
   213 | D:1      | Reached skill level 3 in Maces & Flails
   621 | D:1      | Reached XP level 3. HP: 21/23 MP: 3/3
  1128 | D:2      | Reached skill level 4 in Maces & Flails
  1180 | D:2      | Reached XP level 4. HP: 28/28 MP: 4/4
  1938 | D:3      | Reached skill level 5 in Maces & Flails
  1943 | D:3      | Reached XP level 5. HP: 25/32 MP: 5/5
  1964 | D:3      | Noticed Natasha
  1972 | D:3      | Killed Natasha
  2031 | D:3      | Noticed Natasha
  2042 | D:3      | Killed Natasha
  2053 | D:3      | Found a shadowy altar of Dithmenos.
  2279 | D:3      | Noticed Natasha
  2293 | D:3      | HP: 1/32 [iron imp[Natasha] (3)]
  2294 | D:3      | Killed Natasha
  2875 | D:3      | Reached skill level 6 in Maces & Flails
  3037 | D:3      | Reached XP level 6. HP: 32/37 MP: 6/6
  3387 | D:4      | Found a glowing drain.
  3419 | Sewer    | Entered a sewer
  3475 | Sewer    | Noticed Purgy
  3489 | Sewer    | Killed Purgy
  3655 | D:4      | Reached skill level 7 in Maces & Flails
  3853 | D:4      | Found an ancient bone altar of Kikubaaqudgha.
  4221 | D:5      | Entered Level 5 of the Dungeon
  4230 | D:5      | Reached XP level 7. HP: 41/41 MP: 7/7
  4270 | D:5      | Reached skill level 8 in Maces & Flails
  4364 | D:5      | Reached skill level 9 in Maces & Flails
  4364 | D:5      | Reached XP level 8. HP: 13/46 MP: 8/8
  4671 | D:5      | Found a shattered altar of Ashenzari.
  4789 | D:5      | Found a basalt altar of Yredelemnul.
  4955 | D:6      | Found a white marble altar of Elyvilon.
  5031 | D:6      | Reached skill level 10 in Maces & Flails
  5249 | D:6      | Noticed Grinder
  5258 | D:6      | Paralysed by Grinder for 6 turns
  5266 | D:6      | Killed Grinder
  5270 | D:6      | Reached skill level 11 in Maces & Flails
  5275 | D:6      | Found a staircase to the Ecumenical Temple.
  5285 | Temple   | Entered the Ecumenical Temple
  5666 | Temple   | Became a worshipper of Warmaster Okawaru
  6129 | D:6      | Reached XP level 9. HP: 50/51 MP: 9/9
  6530 | D:7      | Found Zin's Purification Station.
  6536 | D:7      | Found a glowing silver altar of Zin.
  6576 | D:7      | Found Batorgh's Food Boutique.
  6694 | D:7      | Reached * piety under Okawaru
  6786 | D:7      | Reached skill level 1 in Dodging
  6886 | D:7      | Reached skill level 12 in Maces & Flails
  7462 | D:8      | Noticed Maurice
  7476 | D:8      | Killed Maurice
  7476 | D:8      | Reached ** piety under Okawaru
  7508 | D:8      | Reached XP level 10. HP: 52/58 MP: 10/10
  7626 | D:8      | Reached skill level 5 in Armour
  7755 | D:8      | Reached skill level 5 in Fighting
  7975 | D:8      | Noticed Pikel
  7992 | D:8      | Killed Pikel
  8060 | D:8      | Noticed Erica
  8092 | D:8      | Killed from afar by Erica

Skill      XL: |  1  2  3  4  5  6  7  8  9 10 |
---------------+-------------------------------+-----
Maces & Flails | 3 4 5 6 7 9 11 12 | 12.9
Armour         | 4 5 |  5.3
Dodging        | 1 2 |  2.5
Fighting       | 4 5 |  5.2
Shields        | |  3.2

Action                   |  1- 3 |  4- 6 |  7- 9 | 10-12 || total
-------------------------+-------+-------+-------+-------++-------
Melee: Flail             |   135 |   285 |   268 |   121 ||   809
  Use: Scroll            |       |     4 |     2 |       ||     6
  Eat: Chunk             |     1 |    10 |    11 |     2 ||    24
Armor: Scale mail        |   106 |   197 |   130 |    45 ||   478
Dodge: Dodged            |    54 |   146 |    79 |    36 ||   315
Block: Shield            |    99 |   179 |   109 |    64 ||   451
